 Dungeon Crawl Stone Soup version 0.17-a0-910-ga669010 (webtiles) character file.

149 oplop the Chiller (level 5, -1/34 HPs)
             Began as an Octopode Ice Elementalist on May 2, 2015.
             Killed from afar by Crazy Yiuf (8 damage)
             ... with a wand of magic darts
             ... on level 3 of the Dungeon.
             The game lasted 00:04:01 (1703 turns).

oplop the Chiller (Octopode Ice Elementalist)       Turns: 1703, Time: 00:04:02

Health: -1/34      AC:  1    Str:  8    XL:     5   Next: 31%
Magic:  4/10       EV: 12    Int: 18    God:
Gold:   153        SH:  0    Dex: 12    Spells: 3 memorised, 4 levels left

rFire  . . .     SeeInvis .     g - +0 dagger
rCold  . . .     Clarity  .     (no shield)
rNeg   . . .     SustAb   .     (helmet restricted)
rPois  .         Gourm    .     (no amulet)
rElec  .         Spirit   .     t - ring of stealth
rCorr  .         Warding  .     (no ring)
rMut   .         Stasis   .     (no ring)
MR     .....                    (no ring)
Stlth  ++++......               (no ring)
                                (no ring)
                                (no ring)
                                (no ring)

@: not resistant to hostile enchantments, stealthy
A: almost no armour, amphibious, 8 rings, constrict 8, camouflage 1, gelatinous
body 1
a: no special abilities


You were on level 3 of the Dungeon.
You were not hungry.

You visited 1 branch of the dungeon, and saw 3 of its levels.

You collected 153 gold pieces.

Inventory:

Hand weapons
 g - a +0 dagger (weapon)
Missiles
 m - 60 stones
 u - 5 javelins of returning (quivered)
Jewellery
 t - a ring of stealth (left tentacle)
Scrolls
 c - 3 scrolls of remove curse {unknown}
 d - 2 scrolls of magic mapping {unknown}
 e - 2 scrolls of fear {unknown}
 h - a scroll of random uselessness {unknown}
 k - a scroll of amnesia {unknown}
 l - a scroll of noise {unknown}
 p - a scroll of blinking {unknown}
 r - 3 scrolls of identify {unknown}
 s - a scroll of immolation {unknown}
 x - 4 scrolls of enchant armour {unknown}
 y - a scroll of fog {unknown}
Potions
 i - 2 potions of cancellation {unknown}
 j - a potion of degeneration {unknown}
 n - 2 potions of flight {unknown}
 o - 2 potions of heal wounds {unknown}
 q - 4 potions of curing {unknown}
Books
 a - a book of Frost

   Spells                             Type                      Level
   a - Freeze                         Ice                          1
   b - Throw Frost                    Conjuration/Ice              2
   c - Ozocubu's Armour               Charms/Ice                   3
   d - Throw Icicle                   Conjuration/Ice              4
   e - Summon Ice Beast               Ice/Summoning                4
   f - Condensation Shield            Ice                          4
Comestibles
 b - 6 bread rations
 f - 4 fruits
 v - a slice of pizza
 w - a beef jerky


   Skills:
 + Level 2.1 Fighting
 - Level 2.0 Dodging
 - Level 2.6 Stealth
 + Level 3.3 Spellcasting
 - Level 1.0 Conjurations
 + Level 4.3 Ice Magic


You had 4 spell levels left.
You knew the following spells:

 Your Spells              Type           Power        Failure   Level  Hunger
a - Freeze                Ice            ###.         2%          1    None
b - Ozocubu's Armour      Chrm/Ice       ##......     24%         3    ###....
c - Throw Frost           Conj/Ice       ##....       10%         2    ##.....


Dungeon Overview and Level Annotations

Branches:
Dungeon (3/15)

Altars:

Annotations:
D:3 Crazy Yiuf


Innate Abilities, Weirdness & Mutations

You cannot wear most types of armour.
You are amphibious.
You can wear up to eight rings at the same time.
You can use your tentacles to constrict eight enemies at once.
Your skin changes colour to match your surroundings (Stealth).
Your rubbery body absorbs attacks (AC +1).


Message History

Confirm with . or Enter, or press ? or * to list all spells.
Aiming: Throw Frost
Press: ? - help, Shift-Dir - straight line, f/p - Crazy Yiuf
Aim: Crazy Yiuf, wielding a quarterstaff of chaos, wearing a cloak and carrying a wand of magic darts {zapped: 1} (lightly wounded)
The puff of frost hits Crazy Yiuf.
Crazy Yiuf is heavily wounded.
Crazy Yiuf drinks a potion.
Crazy Yiuf is healed!
Casting: Throw Frost
Confirm with . or Enter, or press ? or * to list all spells.
Aiming: Throw Frost
Press: ? - help, Shift-Dir - straight line, f/p - Crazy Yiuf
Aim: Crazy Yiuf, wielding a quarterstaff of chaos, wearing a cloak and carrying a wand of magic darts {zapped: 1} (moderately wounded)
The puff of frost hits Crazy Yiuf.
Crazy Yiuf is moderately wounded.
Crazy Yiuf zaps a wand.
The magic dart hits you!
Crazy Yiuf zaps a wand.
The magic dart hits you!
Crazy Yiuf zaps a wand.
The magic dart hits you!
* * * LOW HITPOINT WARNING * * *
Crazy Yiuf zaps a wand.
The magic dart hits you!
You die...

♣)♣ ###### ### ♣♣)♣
#....# #.< ♣g♣♣
#>...# #.. ♣♣)♣♣
#....# #.. ♣)..♣♣
#....# #.. ♣....♣
#<...# #.. #....#
#....# #..
#....####....## ###..
##...@........##
#....
##............###.#..
######.#####.....#..
#.......# ###......
#.......#####..#....
#.........>......###
#.......#.#..#####
#.......#.#.########
######.##.........).


You could see Crazy Yiuf.

Vanquished Creatures
  Jessica (D:3)
  3 gnolls (D:2)
  4 adders
  5 worms
  A giant gecko (D:3)
  A ball python (D:3)
  8 bats
  5 hobgoblins
  2 kobolds (D:2)
  A quokka (D:2)
  3 giant cockroaches
  2 giant newts
  8 goblins
  4 rats
48 creatures vanquished.

Notes
Turn   | Place    | Note
--------------------------------------------------------------
     0 | D:1      | oplop, the Octopode Ice Elementalist, began the quest for the Orb.
     0 | D:1      | Reached XP level 1. HP: 11/11 MP: 3/3
   192 | D:1      | Reached XP level 2. HP: 15/18 MP: 5/5
   596 | D:2      | Reached skill level 1 in Fighting
   665 | D:2      | Reached XP level 3. HP: 23/23 MP: 6/6
   908 | D:2      | Learned a level 3 spell: Ozocubu's Armour
   911 | D:2      | Learned a level 2 spell: Throw Frost
  1022 | D:2      | Reached XP level 4. HP: 19/28 MP: 8/8
  1163 | D:2      | Reached skill level 4 in Ice Magic
  1477 | D:3      | Reached XP level 5. HP: 18/34 MP: 5/9
  1537 | D:3      | Noticed Jessica
  1548 | D:3      | Killed Jessica
  1691 | D:3      | Noticed Crazy Yiuf
  1703 | D:3      | Killed from afar by Crazy Yiuf

Action                   |  1- 3 |  4- 6 || total
-------------------------+-------+-------++-------
Melee: Unarmed           |    10 |       ||    10
       Dagger            |    56 |    39 ||    95
Throw: Javelin           |       |     7 ||     7
 Cast: Freeze            |     5 |     5 ||    10
       Throw Frost       |       |     9 ||     9
       Ozocubu's Armour  |       |     1 ||     1
 Stab: Sleeping          |     8 |     2 ||    10
       Distracted        |     1 |       ||     1
  Eat: Chunk             |       |     3 ||     3
